 Dungeon Crawl Stone Soup version 0.24.0-13-gcf9b3192b9 (webtiles) character file.

Game seed: 15620100185550220001, levelgen mode: deterministic

984 Monsterracer the Charmwright (level 7, -1/42 HPs)
             Began as a Deep Elf Skald on Nov 5, 2019.
             Was a Follower of Okawaru.
             Slain by an orc
             ... wielding a +0 war axe
              (13 damage)
             ... on level 3 of the Dungeon.
             The game lasted 00:08:45 (6103 turns).

Monsterracer the Charmwright (Deep Elf Skald)       Turns: 6103, Time: 00:08:45

Health: -1/42      AC:  5    Str: 10    XL:     7   Next: 97%
Magic:  10/13      EV: 13    Int: 18    God:    Okawaru [*.....]
Gold:   173        SH:  0    Dex: 14    Spells: 4/12 levels left

rFire    . . .     SeeInvis .   l - +4 scythe
rCold    . . .     Gourm    .   (shield currently unavailable)
rNeg     . . .     Faith    .   n - +0 robe
rPois    .         Spirit   .   d - +0 helmet
rElec    .         Reflect  .   o - +0 cloak
rCorr    .         Harm     .   (no gloves)
MR       .....                  b - +0 pair of boots
Stlth    +.........             (no amulet)
HPRegen  0.14/turn              (no ring)
MPRegen  0.13/turn              (no ring)

@: drained
A: no striking features
a: Heroism, Renounce Religion


You were on level 3 of the Dungeon.
You worshipped Okawaru.
Okawaru was aware of your devotion.
You were near starving.

You visited 1 branch of the dungeon, and saw 4 of its levels.

You collected 173 gold pieces.

Inventory:

Hand Weapons
 a - a +0 halberd
   (You took it off a gnoll on level 1 of the Dungeon)
 i - a +0 trident
   (You found it on level 2 of the Dungeon)
 l - a +4 scythe (weapon)
   (You took it off Sigmund on level 2 of the Dungeon)
Missiles
 h - a throwing net (quivered) {!f}
Armour
 b - a +0 pair of boots (worn)
   (You found it on level 3 of the Dungeon)
 d - a +0 helmet (worn)
   (You found it on level 2 of the Dungeon)
 g - a +0 buckler
   (You found it on level 1 of the Dungeon)
 m - a +0 helmet
   (You took it off Robin on level 4 of the Dungeon)
 n - a +0 robe (worn)
   (You took it off an orc wizard on level 3 of the Dungeon)
 o - a +0 cloak (worn)
   (You found it on level 2 of the Dungeon)
Scrolls
 p - a scroll of enchant weapon
 r - a scroll of remove curse
 X - 2 scrolls of blinking
Potions
 e - a potion of berserk rage {unknown}
 j - a potion of might
Comestibles
 c - 6 rations


   Skills:
 + Level 3.9(2.8) Fighting
 * Level 4.9(3.8) Polearms
 - Level 0.7(0.0) Armour
 - Level 4.1(3.0) Dodging
 - Level 3.0(1.9) Spellcasting
 - Level 3.0(1.9) Hexes
 - Level 5.0(3.8) Charms
 + Level 2.7(1.6) Invocations


You had 4 spell levels left.
You knew the following spells:

 Your Spells              Type           Power        Failure   Level  Hunger
c - Shroud of Golubria    Chrm/Tloc      #.....       12%         2    ###....
d - Spectral Weapon       Hex/Chrm       ##......     17%         3    ###....
j - Regeneration          Chrm/Necr      #.........   24%         3    ###....

Your spell library contained the following spells:

 Spells                   Type           Power        Failure   Level  Hunger
 Infusion                 Chrm           ###.         3%          1    #......
 Song of Slaying          Chrm           ###.....     5%          2    ###....
 Corona                   Hex            #......      9%          1    #......
 Ensorcelled Hibernation  Hex/Ice        #.....       19%         2    ###....
 Confuse                  Hex            #.......     24%         3    ###....
 Tukima's Dance           Hex            #.......     24%         3    ###....
 Dazzling Spray           Conj/Hex       #.....       36%         3    ###....


Dungeon Overview and Level Annotations

Branches:
Dungeon (4/15)
 Temple: D:4-7

Altars:
Fedhas
Okawaru

Annotations:
D:4 Eustachio


Message History

The orc burns you.
* * * LOW HITPOINT WARNING * * *
The orc hits you with a +0 war axe!
* * * LOW HITPOINT WARNING * * *
Blink to where?
Press: ? - help, Dir - move target cursor You are very lightly contaminated with residual magic.
As you read the scroll of blinking, it crumbles to dust.
Casting: Regeneration (safe; 24% risk of failure)
Confirm with . or Enter, or press ? or * to list all spells.
Your skin crawls.
You hear a bark!
Your surroundings suddenly seem different.
You hear a shout!
Your skin is crawling a little less now.
You hear a shout!
There is a stone staircase leading up here.
You climb upwards.
You are feeling very hungry.
There is a stone staircase leading down here.
You start resting.
Your skin stops crawling.
You start resting.
Your magical contamination has completely faded away.
You start resting.
Magic restored.
You start resting.
You are near starving!
You start resting.
HP restored.
You climb downwards.
There is a stone staircase leading up here.
There is a stone staircase leading up, spattered with blood here.
A hound comes into view.
A hound is nearby!
The hound barks!
You hear a shout! x2
There are monsters nearby!
The hound completely misses you.
Things that are here:
a +0 animal skin; a +0 mace The goblin shouts!
The orc shouts!
You slash the hound!
The hound is severely wounded.
The hound closely misses you.
Eustachio the Magnificent comes into view.
He is wielding a +0 rapier.
The goblin shoots a stone.
The stone hits you. The hound bites you but does no damage.
Eustachio mumbles some strange words.
The goblin shoots a stone.
The stone closely misses you. The hound misses you.
You see here a stone.
The hound closely misses you.
The orc throws a poisoned dart.
The poisoned dart barely misses you.
The goblin shoots a stone.
The stone misses you. The hound bites you but does no damage.
The hound bites you. The hound bites you but does no damage.
Things that are here:
22 stones; a +0 club; a +0 hunting sling
There is a stone staircase leading up, spattered with blood here.
You hit the hound.
The hound is almost dead.
The hound barely misses you. The hobgoblin closely misses you.
The hound barely misses you. x2; The hobgoblin barely misses you.
You closely miss the hound.
The hound is almost dead.
The hound bites you. x2; The hobgoblin barely misses you.
The hound bites you but does no damage. The hobgoblin hits you with a +0 club.
The hound bites you. The orc hits you with a +0 war axe.
The hobgoblin hits you with a +0 club.
* * * LOW HITPOINT WARNING * * *
You climb upwards.
There is a stone staircase leading down here.
Unknown command.
Unknown command.
Unknown command.
Unknown command.
Unknown command.
Unknown command.
Unknown command.
Casting: Regeneration (safe; 24% risk of failure)
Confirm with . or Enter, or press ? or * to list all spells.
You draw out your weapon's spirit!
The hound barely misses you. The orc barely misses you.
The hound barely misses you.
You hit the hobgoblin.
The hobgoblin is heavily wounded.
Your spectral weapon barely misses the hobgoblin.
The hound closely misses you. The hobgoblin hits you with a +0 club.
* * * LOW HITPOINT WARNING * * *
The hound barely misses you.
The orc evokes its amulet.
The orc goes berserk!
The hobgoblin misses you. The hound bites you.
* * * LOW HITPOINT WARNING * * *
You slash the hobgoblin!
You kill the hobgoblin!
Okawaru accepts your kill. The orc hits you with a +0 war axe.
* * * LOW HITPOINT WARNING * * *
The hound closely misses you. The orc completely misses you.
The hound misses you. The orc hits you with a +0 war axe!
You die...

#.#.##.###..#####.# #(#
#...##.# #..# #.# #.#
.......# #..# #.# #.#
.#..######..# #.## #.#
........[...# #..# #.#
....######.#######.# #.#
....# #....รท..#.# #.#
...#############(#.# #.#
....).....# #@#.###.#
...######.# #ho..##.#
.#.# #.# ###>.##.# ...#
#.# #..##.# #.##
##.########..##.# #.#
#....).....>.##.#
#.######..#########.##.#
.....##.)....## #.##.#
.###[.........#####.##.#


You could see a hound, an orc (berserk) and a friendly spectral +4 scythe.

Vanquished Creatures
  Grinder (D:3)
  Sigmund (D:2)
  Edmund (D:4)
  3 orc priests (D:3 D:4)
  Natasha (thrice) (D:3)
  2 iguanas (D:2 D:4)
  2 orc wizards (D:3)
  A worker ant (D:4)
  Robin (D:4)
  5 gnolls (D:1 D:2 D:3)
  7 adders (D:2 D:3 D:4)
  6 worms (D:2 D:3)
  6 leopard geckos (D:1 D:2 D:3)
  7 orcs (D:2 D:3 D:4)
  2 ball pythons (D:3)
  9 bats (D:1 D:2 D:3)
  3 giant cockroaches (D:1 D:2)
  17 goblins (D:1 D:2 D:3 D:4)
  13 hobgoblins (D:1 D:2 D:3)
  3 jackals (D:1)
  A quokka (D:4)
  5 frilled lizards (D:1 D:2 D:3)
  A jackal skeleton (D:4)
  7 kobolds (D:1 D:2 D:3)
  6 rats (D:1 D:2 D:3)
113 creatures vanquished.

Vanquished Creatures (others)
  3 spectral weapons (D:3 D:4)
3 creatures vanquished.

Grand Total: 116 creatures vanquished

Notes
Turn   | Place    | Note
-------+----------+-------------------------------------------
     0 | D:1      | Monsterracer the Deep Elf Skald began the quest for the
                  | Orb.
     0 | D:1      | Reached XP level 1. HP: 12/12 MP: 6/6
   252 | D:1      | Reached XP level 2. HP: 14/17 MP: 2/8
   328 | D:1      | Learned a level 2 spell: Shroud of Golubria
   938 | D:1      | Reached XP level 3. HP: 20/21 MP: 9/9
   943 | D:1      | Learned a level 3 spell: Spectral Weapon
  1752 | D:2      | HP: 8/21 [worm (5)]
  1758 | D:2      | HP: 3/21 [giant cockroach (1)]
  2030 | D:2      | Reached skill level 1 in Hexes
  2106 | D:2      | Reached XP level 4. HP: 21/26 MP: 1/10
  2118 | D:2      | Learned a level 3 spell: Regeneration
  2336 | D:2      | HP: 12/27 [worm (7)]
  2753 | D:2      | Noticed Sigmund
  2858 | D:2      | Killed Sigmund
  2858 | D:2      | Reached XP level 5. HP: 24/32 MP: 5/11
  2950 | D:2      | Found a blossoming altar of Fedhas.
  3141 | D:2      | Found an iron altar of Okawaru.
  3155 | D:2      | Reached XP level 6. HP: 31/36 MP: 5/12
  3173 | D:2      | Became a worshipper of Warmaster Okawaru
  3494 | D:3      | HP: 17/37 [orc/+0 falchion (6)]
  3496 | D:3      | HP: 8/37 [orc/+0 falchion (5)]
  3715 | D:3      | HP: 17/37 [something (3)]
  3924 | D:3      | Noticed Natasha
  3940 | D:3      | Reached skill level 5 in Charms
  4089 | D:3      | Noticed Grinder
  4117 | D:3      | HP: 18/37 [gnoll/+0 spear (6)]
  4126 | D:3      | HP: 15/37 [Grinder (2)]
  4138 | D:3      | HP: 5/37 [Grinder/nerve-wracking pain (11)]
  4145 | D:3      | Killed Grinder
  4145 | D:3      | Reached * piety under Okawaru
  4145 | D:3      | Reached skill level 1 in Invocations
  4145 | D:3      | Reached XP level 7. HP: 6/41 MP: 3/13
  4511 | D:3      | Killed Natasha
  4761 | D:3      | Noticed Natasha
  4767 | D:3      | Killed Natasha
  4821 | D:3      | Noticed Natasha
  4825 | D:3      | Killed Natasha
  5150 | D:4      | Noticed Edmund
  5155 | D:4      | Killed Edmund
  5411 | D:4      | Noticed Robin
  5424 | D:4      | HP: 21/42 [goblin[Robin] (1)]
  5434 | D:3      | HP: 16/42 [goblin[Robin] (2)]
  5527 | D:3      | HP: 16/42 [orc priest/divine providence (12)]
  5529 | D:3      | HP: 3/42 [orc priest/divine providence (11)]
  5833 | D:4      | Killed Robin
  5848 | D:4      | HP: 19/42 [goblin/stone[Robin] (5)]
  5848 | D:4      | HP: 2/42 [orc/+0 war axe (9)]
  6087 | D:4      | Noticed Eustachio
  6099 | D:4      | HP: 21/42 [hobgoblin/+0 club[Robin] (3)]
  6103 | D:3      | Slain by an orc

Levels and vault maps discovered:
D:1:      elethiomel_arrival_shortcut, layout_basic, serial_bayou_pond_d
D:2:      layout_basic, okawaru_altar_gauntlet_db, fedhas_altar_1, uniq_sigmund
D:3:      layout_loops_ring, uniq_grinder, uniq_natasha
D:4:      layout_rooms, uniq_crazy_yiuf_cottage, uniq_eustachio, uniq_robin,
          uniq_edmund

Skill      XL: |  1  2  3  4  5  6  7 |
---------------+----------------------+-----
Polearms       | 2 3 4 |  4.9
Fighting       | 2 3 |  3.9
Hexes          | 1 3 |  3.0
Dodging        | 3 4 |  4.1
Charms         | 5 |  5.0
Invocations    | 1 2 |  2.7
Armour         | |  0.7
Spellcasting   | |  3.0

Action                   |  1- 3 |  4- 6 |  7- 9 || total
-------------------------+-------+-------+-------++-------
Melee: Spear             |    64 |       |       ||    64
       Halberd           |    77 |    43 |       ||   120
       Scythe            |       |    75 |    59 ||   134
       Trident           |       |     5 |       ||     5
Throw: Throwing net      |       |     2 |       ||     2
 Cast: Infusion          |     8 |       |     2 ||    10
       Spectral Weapon   |     3 |    15 |    14 ||    32
       Shroud of Golubri |     3 |       |     1 ||     4
       Regeneration      |       |     5 |     6 ||    11
  Use: Scroll            |       |     5 |     3 ||     8
       Potion            |       |     1 |       ||     1
 Stab: Sleeping          |     1 |     1 |     1 ||     3
       Distracted        |       |     1 |       ||     1
       Held in net/web   |       |     1 |       ||     1
  Eat: Chunk             |     4 |     9 |     6 ||    19
       Ration            |       |       |     1 ||     1
Armor: Leather armour    |    48 |    43 |       ||    91
       Robe              |       |    23 |    31 ||    54
Dodge: Dodged            |   108 |   104 |    77 ||   289
